TOP OF THE 1ST |
Bishop Gorman HS Balbasaurs batting - Pitching for Rocky Point HS Eagles : RHP Jon Saunders
|
Pitching: RHP Jon Saunders
|
|
Batting: RHB Lynwood Bryant
|
0-0: Called Strike 0-1: Ball 1-1: Called Strike 1-2: Fly out, F6 (Line Drive, 56)
|
Batting: RHB Júlio García
|
0-0: Foul Ball, location: 2F 0-1: Called Strike 0-2: Ball 1-2: Foul Ball, location: 2F 1-2: Ball 2-2: Ball 3-2: Base on Balls
|
Batting: RHB Valentín Martínez
|
0-0: Ball 1-0: SINGLE (Line Drive, 6D) Júlio García to second
|
Batting: RHB Alan Stephens
|
0-0: Called Strike 0-1: Ball 1-1: Swinging Strike 1-2: Foul Ball, location: 2F 1-2: Fly out, F6 (Popup, P)
|
Batting: SHB Cisco Moreno
|
0-0: Ball 1-0: 3-RUN HOME RUN (Flyball, 9LD), Distance : 367 ft
|
Batting: RHB Michael Sanford
|
0-0: Called Strike 0-1: Ball 1-1: Foul Ball, location: 2F 1-2: Ball 2-2: Strikes out swinging
|
Top of the 1st over - 3 runs, 2 hits, 0 errors, 0 left on base; Bishop Gorman HS 3 - Rocky Point HS 0 |
BOTTOM OF THE 1ST |
Rocky Point HS Eagles batting - Pitching for Bishop Gorman HS Balbasaurs : RHP Manuel Ramírez
|
Pitching: RHP Manuel Ramírez
|
|
Batting: RHB Pat Mills
|
0-0: Called Strike 0-1: Foul Ball, location: 2F 0-2: Foul Ball, location: 2F 0-2: Ball 1-2: Foul Ball, location: 2F 1-2: Ball 2-2: Strikes out swinging
|
Batting: RHB Corey Martin
|
0-0: Ball 1-0: Ball 2-0: Called Strike 2-1: Foul Ball, location: 2F 2-2: Ball 3-2: Foul Ball, location: 2F 3-2: Foul Ball, location: 2F 3-2: Foul Ball, location: 2F 3-2: Base on Balls
|
Batting: LHB Daryl Thomas
|
0-0: Ball 1-0: Called Strike 1-1: Ball 2-1: Foul Ball, location: 2F 2-2: Strikes out looking
|
Batting: RHB Yan Gosselin
|
0-0: Ball Throwing error on steal attempt, E2 Corey Martin to third 1-0: Ball 2-0: Called Strike 2-1: DOUBLE (Line Drive, 9LM) Corey Martin scores
|
Batting: LHB Stanton Moore
|
0-0: Swinging Strike 0-1: Ball 1-1: Ball 2-1: Foul Ball, location: 2F 2-2: Ball 3-2: Fly out, F9 (Flyball, 9LD)
|
Bottom of the 1st over - 1 run, 1 hit, 1 error, 1 left on base; Bishop Gorman HS 3 - Rocky Point HS 1 |
TOP OF THE 2ND |
Bishop Gorman HS Balbasaurs batting - Pitching for Rocky Point HS Eagles : RHP Jon Saunders
|
Batting: RHB John Miller
|
0-0: Ball 1-0: Called Strike 1-1: Ball 2-1: SINGLE (Line Drive, 4M)
|
Batting: RHB William Young
|
0-0: Ball 1-0: Called Strike 1-1: Ball 2-1: Called Strike 2-2: Strikes out swinging
|
Batting: LHB Michel Gélinas
|
0-0: Foul Ball, location: 2F 0-1: SINGLE (Line Drive, 8LS) John Miller to second
|
Batting: RHB Lynwood Bryant
|
0-0: Fly out, F8 (Flyball, 8LS)
|
Batting: RHB Júlio García
|
0-0: Called Strike 0-1: Called Strike 0-2: Foul Ball, location: 2F 0-2: Ball 1-2: Ball 2-2: Fly out, F6 (Popup, 6)
|
Top of the 2nd over - 0 runs, 2 hits, 0 errors, 2 left on base; Bishop Gorman HS 3 - Rocky Point HS 1 |
BOTTOM OF THE 2ND |
Rocky Point HS Eagles batting - Pitching for Bishop Gorman HS Balbasaurs : RHP Manuel Ramírez
|
Batting: RHB Glen Williams
|
0-0: Ball 1-0: Ball 2-0: Called Strike 2-1: Ball 3-1: Called Strike 3-2: SINGLE (Line Drive, 78M)
|
Batting: SHB Joey Martin
|
0-0: Ball 1-0: Ball 2-0: Called Strike 2-1: Ball 3-1: Called Strike 3-2: Base on Balls Glen Williams to second
|
Batting: RHB Kevin Gibson
|
0-0: Ball 1-0: Swinging Strike 1-1: Foul Ball, location: 2F 1-2: Ball 2-2: Fly out, F4 (Line Drive, 4)
|
Batting: RHB Sam McWalter
|
0-0: Foul Ball, location: 2F 0-1: Ball 1-1: Grounds into double play, 4-6-3 (Groundball, 4)
|
Bottom of the 2nd over - 0 runs, 1 hit, 0 errors, 1 left on base; Bishop Gorman HS 3 - Rocky Point HS 1 |
TOP OF THE 3RD |
Bishop Gorman HS Balbasaurs batting - Pitching for Rocky Point HS Eagles : RHP Jon Saunders
|
Batting: RHB Valentín Martínez
|
0-0: Called Strike 0-1: Swinging Strike 0-2: Strikes out looking
|
Batting: RHB Alan Stephens
|
0-0: Foul Ball, location: 2F 0-1: Swinging Strike 0-2: Ball 1-2: Fly out, F8 (Flyball, 89D)
|
Batting: SHB Cisco Moreno
|
0-0: Called Strike 0-1: Called Strike 0-2: Ball 1-2: Strikes out swinging
|
Top of the 3rd over - 0 runs, 0 hits, 0 errors, 0 left on base; Bishop Gorman HS 3 - Rocky Point HS 1 |
BOTTOM OF THE 3RD |
Rocky Point HS Eagles batting - Pitching for Bishop Gorman HS Balbasaurs : RHP Manuel Ramírez
|
Batting: RHB Pat Mills
|
0-0: Foul Ball, location: 2F 0-1: Ball 1-1: Ball 2-1: Fly out, F9 (Flyball, 9LM)
|
Batting: RHB Corey Martin
|
0-0: Called Strike 0-1: Called Strike 0-2: Ball 1-2: Ball 2-2: Strikes out looking
|
Batting: LHB Daryl Thomas
|
0-0: Ball 1-0: Ball 2-0: Fly out, F7 (Flyball, 7S)
|
Bottom of the 3rd over - 0 runs, 0 hits, 0 errors, 0 left on base; Bishop Gorman HS 3 - Rocky Point HS 1 |
TOP OF THE 4TH |
Bishop Gorman HS Balbasaurs batting - Pitching for Rocky Point HS Eagles : RHP Jon Saunders
|
Batting: RHB Michael Sanford
|
0-0: Called Strike 0-1: Ball 1-1: Ball 2-1: Foul Ball, location: 2F 2-2: Ball 3-2: Base on Balls
|
Batting: RHB John Miller
|
0-0: Ball 1-0: Ball 2-0: Called Strike 2-1: Swinging Strike 2-2: Strikes out swinging
|
Batting: RHB William Young
|
0-0: Foul Ball, location: 2F 0-1: Foul Ball, location: 2F 0-2: Ball 1-2: Strikes out swinging
|
Batting: LHB Michel Gélinas
|
0-0: Called Strike 0-1: Ball 1-1: Fly out, F7 (Flyball, 7LS)
|
Top of the 4th over - 0 runs, 0 hits, 0 errors, 1 left on base; Bishop Gorman HS 3 - Rocky Point HS 1 |
BOTTOM OF THE 4TH |
Rocky Point HS Eagles batting - Pitching for Bishop Gorman HS Balbasaurs : RHP Manuel Ramírez
|
Batting: RHB Yan Gosselin
|
0-0: Called Strike 0-1: Ball 1-1: Foul Ball, location: 2F 1-2: Ball 2-2: Ball 3-2: Foul Ball, location: 2F 3-2: Base on Balls
|
Batting: LHB Stanton Moore
|
0-0: SINGLE (Line Drive, 56D) Yan Gosselin to second
|
Batting: RHB Glen Williams
|
0-0: Ball 1-0: Foul Ball, location: 2F 1-1: SINGLE (Flyball, 78S) Yan Gosselin to third Stanton Moore to second Runner from 3rd tries for Home, SAFE, no throw
|
Batting: SHB Joey Martin
|
0-0: Called Strike 0-1: Ball 1-1: Fly out, F7 (Flyball, 78D)
|
Batting: RHB Kevin Gibson
|
0-0: Called Strike 0-1: Grounds into double play, 1-6-3 (Groundball, 13)
|
Bottom of the 4th over - 1 run, 2 hits, 0 errors, 1 left on base; Bishop Gorman HS 3 - Rocky Point HS 2 |
TOP OF THE 5TH |
Bishop Gorman HS Balbasaurs batting - Pitching for Rocky Point HS Eagles : RHP Jon Saunders
|
Batting: RHB Lynwood Bryant
|
0-0: Ball 1-0: Swinging Strike 1-1: Foul Ball, location: 2F 1-2: Ball 2-2: Foul Ball, location: 2F 2-2: Foul Ball, location: 2F 2-2: SINGLE (Flyball, 9LM)
|
Batting: RHB Júlio García
|
0-0: Swinging Strike Lynwood Bryant steals 2nd base 0-1: Swinging Strike 0-2: Strikes out looking
|
Pitching: LHP Tom Dyal
|
|
Batting: RHB Valentín Martínez
|
0-0: Ball 1-0: Ball 2-0: Foul Ball, location: 2F 2-1: Ball 3-1: Base on Balls
|
Batting: RHB Alan Stephens
|
0-0: Swinging Strike 0-1: Ball Lynwood Bryant steals 3rd base 1-1: Ball 2-1: Foul Ball, location: 2F 2-2: Foul Ball, location: 2F 2-2: Ball 3-2: Reached on error, E9 (Flyball, 9) Lynwood Bryant scores Valentín Martínez to second
|
Batting: SHB Cisco Moreno
|
0-0: Ball 1-0: Ball 2-0: Foul Ball, location: 2F 2-1: Foul Ball, location: 2F 2-2: SINGLE (Line Drive, 8RS) Valentín Martínez to third Alan Stephens to second
|
Batting: RHB Michael Sanford
|
0-0: Ball 1-0: Ball 2-0: Ball 3-0: Called Strike 3-1: Foul Ball, location: 2F 3-2: Base on Balls Valentín Martínez scores Alan Stephens to third Cisco Moreno to second
|
Batting: RHB John Miller
|
0-0: Called Strike 0-1: Ball 1-1: Ball 2-1: Grounds into fielders choice 3-2 (Groundball, 34S) Cisco Moreno to third Michael Sanford to second
|
Batting: RHB William Young
|
0-0: Called Strike 0-1: Ball 1-1: Swinging Strike 1-2: Strikes out swinging
|
Top of the 5th over - 2 runs, 2 hits, 1 error, 3 left on base; Bishop Gorman HS 5 - Rocky Point HS 2 |
BOTTOM OF THE 5TH |
Rocky Point HS Eagles batting - Pitching for Bishop Gorman HS Balbasaurs : RHP Manuel Ramírez
|
Batting: RHB Sam McWalter
|
0-0: Called Strike 0-1: Hit by Pitch
|
Pitching: RHP Mike Peters
|
|
Batting: RHB Pat Mills
|
0-0: Called Strike 0-1: Ball 1-1: Called Strike 1-2: Ball 2-2: SINGLE (Flyball, 8RS) Sam McWalter to second
|
Batting: RHB Corey Martin
|
0-0: Ball 1-0: DOUBLE (Groundball, 5L) Sam McWalter scores Pat Mills to third
|
Batting: LHB Daryl Thomas
|
0-0: Ground out 4-3 (Groundball, 34) Pat Mills scores Corey Martin to third
|
Batting: RHB Yan Gosselin
|
0-0: Ball 1-0: Ball 2-0: Foul Ball, location: 2F 2-1: Foul Ball, location: 2F 2-2: Ball 3-2: Strikes out looking
|
Batting: LHB Stanton Moore
|
0-0: Called Strike 0-1: Ball 1-1: Ball 2-1: Foul Ball, location: 2F 2-2: Strikes out swinging
|
Bottom of the 5th over - 2 runs, 2 hits, 0 errors, 1 left on base; Bishop Gorman HS 5 - Rocky Point HS 4 |
TOP OF THE 6TH |
Bishop Gorman HS Balbasaurs batting - Pitching for Rocky Point HS Eagles : LHP Tom Dyal
|
Batting: LHB Michel Gélinas
|
0-0: Ball 1-0: Bunt for hit - play at first, batter safe!
|
Batting: RHB Lynwood Bryant
|
0-0: Ball 1-0: Ball 2-0: Called Strike 2-1: Called Strike 2-2: Foul Ball, location: 2F 2-2: Strikes out swinging
|
Batting: RHB Júlio García
|
0-0: Called Strike 0-1: Foul Ball, location: 2F 0-2: Strikes out swinging
|
Batting: RHB Valentín Martínez
|
0-0: Ball 1-0: Ball 2-0: Foul Ball, location: 2F 2-1: Swinging Strike Pickoff Throw to First - Error! E1 Michel Gélinas to second 2-2: Ball 3-2: Base on Balls
|
Batting: RHB Alan Stephens
|
0-0: Ball 1-0: Foul Ball, location: 2F 1-1: Ball Wild Pitch! Michel Gélinas to third Valentín Martínez to second 2-1: Ball 3-1: Base on Balls
|
Pitching: LHP Brian Goulet
|
|
Batting: SHB Cisco Moreno
|
0-0: Called Strike 0-1: Swinging Strike 0-2: Foul Ball, location: 2F 0-2: Ball 1-2: Ball 2-2: Ball 3-2: Fly out, F7 (Line Drive, 7)
|
Top of the 6th over - 0 runs, 1 hit, 1 error, 3 left on base; Bishop Gorman HS 5 - Rocky Point HS 4 |
BOTTOM OF THE 6TH |
Rocky Point HS Eagles batting - Pitching for Bishop Gorman HS Balbasaurs : RHP Mike Peters
|
Batting: RHB Glen Williams
|
0-0: Called Strike 0-1: Foul Ball, location: 2F 0-2: Ball 1-2: Foul Ball, location: 2F 1-2: Ball 2-2: Foul Ball, location: 2F 2-2: Foul Ball, location: 2F 2-2: Foul Ball, location: 2F 2-2: Ball 3-2: Base on Balls
|
Batting: SHB Joey Martin
|
0-0: Ball 1-0: SINGLE (Line Drive, 6MD) Glen Williams to second
|
Batting: RHB Kevin Gibson
|
0-0: Ball 1-0: Ball 2-0: Foul Ball, location: 2F 2-1: Foul Ball, location: 2F 2-2: Fly out, F8 (Flyball, 8LS)
|
Batting: RHB Sam McWalter
|
0-0: Foul Ball, location: 2F 0-1: SINGLE (Groundball, 56D) Glen Williams to third Joey Martin to second Runner from 3rd tries for Home, SAFE, no throw
|
Pitching: RHP Joaquín Ruíz
|
|
Batting: RHB Pat Mills
|
0-0: Called Strike 0-1: Swinging Strike 0-2: Foul Ball, location: 2F 0-2: Ball Wild Pitch! Joey Martin to third Sam McWalter to second 1-2: Ball 2-2: Ball 3-2: Intentional Walk
|
Batting: RHB Corey Martin
|
0-0: Ball 1-0: SINGLE (Groundball, 3D) Joey Martin scores Sam McWalter to third Pat Mills to second Runner from 3rd tries for Home, SAFE, no throw
|
Batting: LHB Daryl Thomas
|
0-0: Ball 1-0: Ball Passed Ball! Pat Mills to third Corey Martin to second 2-0: Swinging Strike 2-1: Foul Ball, location: 2F 2-2: Strikes out swinging
|
Batting: RHB Yan Gosselin
|
0-0: Called Strike 0-1: Ball 1-1: Ground out 4-3 (Groundball, 34)
|
Bottom of the 6th over - 3 runs, 3 hits, 0 errors, 2 left on base; Bishop Gorman HS 5 - Rocky Point HS 7 |
TOP OF THE 7TH |
Bishop Gorman HS Balbasaurs batting - Pitching for Rocky Point HS Eagles : LHP Brian Goulet
|
Batting: RHB Michael Sanford
|
0-0: Ball 1-0: Fly out, F5 (Line Drive, 5S)
|
Batting: RHB John Miller
|
0-0: Foul Ball, location: 2F 0-1: Ball 1-1: Called Strike 1-2: Foul Ball, location: 2F 1-2: Ball 2-2: Ball 3-2: Foul Ball, location: 2F 3-2: Foul Ball, location: 2F 3-2: SINGLE (Line Drive, 89S)
|
Batting: RHB William Young
|
0-0: Ball 1-0: Ball 2-0: Ball 3-0: Base on Balls John Miller to second
|
Pinch Runner at 2nd River Oliver:
|
|
Pinch Hitting: SHB Matt Carpenter
|
0-0: Called Strike 0-1: Grounds into double play, 6-4-3 (Groundball, 6)
|
Top of the 7th over - 0 runs, 1 hit, 0 errors, 1 left on base; Bishop Gorman HS 5 - Rocky Point HS 7 |
BOTTOM OF THE 7TH |
Rocky Point HS Eagles batting - Pitching for Bishop Gorman HS Balbasaurs : RHP Joaquín Ruíz
|
Now at 3B: Matt Carpenter
|
|
Now in CF: River Oliver
|
|
Batting: LHB Stanton Moore
|
0-0: Foul Ball, location: 2F 0-1: Called Strike 0-2: Strikes out swinging
|
Batting: RHB Glen Williams
|
0-0: Called Strike 0-1: Foul Ball, location: 2F 0-2: SINGLE (Flyball, 7S)
|
Batting: SHB Joey Martin
|
0-0: Ball 1-0: Swinging Strike 1-1: Ball 2-1: Ball 3-1: Fly out, F9 (Flyball, 9LM)
|
Batting: RHB Kevin Gibson
|
0-0: Called Strike 0-1: Foul Ball, location: 2F 0-2: Foul Ball, location: 2F 0-2: Foul Ball, location: 2F 0-2: Strikes out swinging
|
Bottom of the 7th over - 0 runs, 1 hit, 0 errors, 1 left on base; Bishop Gorman HS 5 - Rocky Point HS 7 |
TOP OF THE 8TH |
Bishop Gorman HS Balbasaurs batting - Pitching for Rocky Point HS Eagles : LHP Brian Goulet
|
Batting: RHB Lynwood Bryant
|
0-0: Fly out, F8 (Flyball, 8LD)
|
Batting: RHB Júlio García
|
0-0: Foul Ball, location: 2F 0-1: Ball 1-1: Ball 2-1: Foul Ball, location: 2F 2-2: SOLO HOME RUN (Line Drive, 7D), Distance : 367 ft
|
Batting: RHB Valentín Martínez
|
0-0: Foul Ball, location: 2F 0-1: Ball 1-1: Ball 2-1: SINGLE (Line Drive, 7LM)
|
Batting: RHB Alan Stephens
|
0-0: Called Strike 0-1: Swinging Strike 0-2: Strikes out swinging
|
Batting: SHB Cisco Moreno
|
0-0: Ball 1-0: Called Strike 1-1: Called Strike 1-2: Ball 2-2: Ball 3-2: Strikes out swinging
|
Top of the 8th over - 1 run, 2 hits, 0 errors, 1 left on base; Bishop Gorman HS 6 - Rocky Point HS 7 |
BOTTOM OF THE 8TH |
Rocky Point HS Eagles batting - Pitching for Bishop Gorman HS Balbasaurs : RHP Joaquín Ruíz
|
Batting: RHB Sam McWalter
|
0-0: Ball 1-0: Ball 2-0: Foul Ball, location: 2F 2-1: Foul Ball, location: 2F 2-2: Ground out 5-3 (Groundball, 56)
|
Batting: RHB Pat Mills
|
0-0: Fly out, F7 (Flyball, 7)
|
Batting: RHB Corey Martin
|
0-0: Ball 1-0: Ball 2-0: Foul Ball, location: 2F 2-1: Ball 3-1: Base on Balls
|
Batting: LHB Daryl Thomas
|
0-0: Ball Wild Pitch! Corey Martin to second 1-0: Ball 2-0: Called Strike 2-1: Ball 3-1: Foul Ball, location: 2F 3-2: Foul Ball, location: 2F 3-2: Foul Ball, location: 2F 3-2: Strikes out swinging
|
Bottom of the 8th over - 0 runs, 0 hits, 0 errors, 1 left on base; Bishop Gorman HS 6 - Rocky Point HS 7 |
TOP OF THE 9TH |
Bishop Gorman HS Balbasaurs batting - Pitching for Rocky Point HS Eagles : LHP Brian Goulet
|
Pitching: RHP Hamilton Borges
|
|
Now at 2B: Dave Richardson
|
|
Batting: RHB Michael Sanford
|
0-0: Ball 1-0: Ground out 1-3 (Groundball, 13S)
|
Batting: RHB River Oliver
|
0-0: Swinging Strike 0-1: Swinging Strike 0-2: Ball 1-2: Strikes out swinging
|
Batting: RHB William Young
|
0-0: Called Strike 0-1: Called Strike 0-2: Ground out 5-3 (Groundball, 5L)
|
Top of the 9th over - 0 runs, 0 hits, 0 errors, 0 left on base; Bishop Gorman HS 6 - Rocky Point HS 7 |
|